 Dungeon Crawl Stone Soup version 0.23.1 (webtiles) character file.

Game seed: 3390473819892707985

29 Jager373 the Ruffian (level 3, 0/28 HPs)
             Began as a Draconian Transmuter on Mar 4, 2019.
             Succumbed to an adder's poison
             ... on level 2 of the Dungeon.
             The game lasted 00:16:15 (809 turns).

Jager373 the Ruffian (Draconian Transmuter)          Turns: 809, Time: 00:16:15

Health: 0/28       AC:  5    Str: 12    XL:     3   Next: 1%
Magic:  6/6        EV: 12    Int: 14    God:
Gold:   29         SH:  0    Dex: 11    Spells: 5/6 levels left

rFire    . . .     SeeInvis .   k - +0 short sword
rCold    . . .     Gourm    .   (no shield)
rNeg     . . .     Faith    .   (armour unavailable)
rPois    .         Spirit   .   (helmet restricted)
rElec    .         Reflect  .   (no cloak)
rCorr    .         Harm     .   (no gloves)
MR       .....                  (no boots)
Stlth    +.........             (no amulet)
HPRegen  0.09/turn              (no ring)
MPRegen  0.10/turn              (no ring)

@: lethally poisoned (0 -> -8)
A: unfitting armour, cold-blooded, AC +5
a: no special abilities


You were on level 2 of the Dungeon.
You were not hungry.

You visited 1 branch of the dungeon, and saw 2 of its levels.

You collected 29 gold pieces.

Inventory:

Hand Weapons
 e - a +0 club
 f - a +1 dagger of speed
 k - a +0 short sword (weapon)
 m - a +0 club
Missiles
 a - 12 arrows
 d - 22 sling bullets
 l - 2 stones (quivered)
Armour
 j - a +0 chain mail
Scrolls
 h - 2 scrolls of identify {unknown}
 i - a scroll of enchant weapon {unknown}
 n - a scroll of random uselessness {unknown}
Potions
 b - a potion of cancellation {unknown}
 o - a potion of lignification {unknown}
Comestibles
 c - 5 rations
 g - 8 chunks of flesh


   Skills:
 * Level 1.2 Fighting
 * Level 0.4 Short Blades
 * Level 2.4 Dodging
 - Level 3.4 Unarmed Combat
 * Level 2.1 Spellcasting
 * Level 2.1 Transmutations


You had 5 spell levels left.
You knew the following spells:

 Your Spells              Type           Power        Failure   Level  Hunger
a - Beastly Appendage     Tmut           #.....       10%         1    ##.....

Your spell library contained the following spells:

 Spells                   Type           Power        Failure   Level  Hunger
 Sticks to Snakes         Tmut           #.......     16%         2    ###....
 Spider Form              Tmut/Pois      #.........   41%         3    ####...
 Ice Form                 Ice/Tmut       #.......     83%         4    #####..
 Blade Hands              Tmut           #.........   95%         5    ######.


Dungeon Overview and Level Annotations

Branches:
Dungeon (2/15)

Altars:


Innate Abilities, Weirdness & Mutations

Your plain brown scales are hard. (AC +5)
You cannot fit into any form of body armour.
You are cold-blooded and may be slowed by cold attacks.


Message History

The adder closely misses you.
You barely miss the adder.
The adder is almost dead.
The adder misses you.
You closely miss the adder.
The adder is almost dead.
The adder bites you.
* * * LOW HITPOINT WARNING * * *
The adder bites you.
* * * LOW HITPOINT WARNING * * *
You are more poisoned.
The adder poisons you!
You hit the adder.
You kill the adder!
You have reached level 3!
Your experience leads to an increase in your attributes!
Increase (S)trength, (I)ntelligence, or (D)exterity?
Uppercase letters only, please.
You feel clever.
Your scales feel tougher.
You die...

## .#.. ..##. ♣♣♣♣.#
.....# ##... ♣.♣.# ......
....# ♣♣♣♣...#
.#....##...# ♣.♣♣♣.##
....#......##♣♣♣♣♣♣.....#
.........#.##...........#
.........#.######.####.##
.........#@## #.# #..#
.......#....# #.###.##
.......####÷#####.....#
....... #.÷........##
....... #.......####
.####.# #.......# #.
#.......# #. #......<#
#########


There were no monsters in sight!

Vanquished Creatures
  An adder (D:2)
  A dart slug (D:1)
  A ball python (D:1)
  3 bats (D:1)
  3 goblins
  A hobgoblin (D:1)
  3 jackals (D:2)
  2 kobolds (D:1)
  A frilled lizard (D:1)
  2 plants (D:1)
18 creatures vanquished.

Notes
Turn   | Place    | Note
-------+----------+-------------------------------------------
     0 | D:1      | Jager373 the Draconian Transmuter began the quest for the
                  | Orb.
     0 | D:1      | Reached XP level 1. HP: 16/16 MP: 3/3
   576 | D:1      | Reached XP level 2. HP: 18/23 MP: 5/5
   808 | D:2      | HP: 1/23 [adder (2)]
   809 | D:2      | Reached XP level 3. HP: 1/28 MP: 6/6
   809 | D:2      | Succumbed to an adder's poison

Skill      XL: |  1  2 |
---------------+-------+-----
Dodging        | 2 |  2.4
Fighting       | |  1.2
Short Blades   | |  0.4
Unarmed Combat | |  3.4
Spellcasting   | |  2.1
Transmutations | |  2.1

Action                   || total
-------------------------++-------
Melee: Unarmed           ||   133
       Tailslap          ||    25
       Dagger            ||    14
       Punch             ||     4
       Short sword       ||    40
Armor: Skin              ||    22
Dodge: Dodged            ||    56
